AoeStats
← +Matt.Chak

Arena

510334408Analyzed
4v4 RM · 2d ago on Sep 30, 2026· 59m 18s· 8 players
Game mode
Random Map
Map size
Large (8 player)
Population
200
Speed
Normal
Resources
Standard
Victory
Conquest
Starting age
Dark Age
Ending age
Imperial Age
RankedLock teamsTeams togetherTeam positionsShared explorationLock speedFull tech treeHidden civsTurbo modeCheats
Victory
Defeat
🇬🇧 Saxons · United Kingdom
1384
+14
🇬🇷 Magyars · Greece
1369
+14
🇬🇧 Ethiopians · United Kingdom
1339
+16
🇫🇮 Byzantines · Finland
1325
+15
🇮🇳 Britons · India
1367
-16
🇷🇺 Dravidians · Russia
1344
-15
🇭🇰 Danes · Hong Kong SAR China
1330
-15
🇲🇾 Celts · Malaysia
1284
-13
Zzulu
11:18 Feudal Age
15:16 Castle Age
13:48 Horse Collar
13:56 Double-Bit Axe
16:34 Bow Saw
16:27 Heavy Plow
22:48 Stone Mining
26:00 Wheelbarrow
25:11 Loom
25:27 Gold Mining
26:08 Scale Barding Armor
26:03 Padded Archer Armor
25:54 Fletching
27:42 Chain Barding Armor
28:13 Hand Cart
28:40 Ballistics
28:39 Masonry
28:27 Bodkin Arrow
28:49 Leather Archer Armor
28:49 Husbandry
28:59 Bloodlines
28:44 Town Watch
31:43 Imperial Age
29:39 Corvinian Army
29:47 Thumb Ring
32:47 Recurve Bow
32:14 Elite Magyar Huszar
33:16 Conscription
33:10 Bracer
33:40 Ring Archer Armor
33:46 Plate Barding Armor
34:10 Crop Rotation
35:30 Chemistry
35:04 Parthian Tactics
34:33 Heavy Cavalry Archer
37:28 Coinage
56:06 Siege Engineers
jeffarin_bobzos
10:28 Feudal Age
11:21 Double-Bit Axe
11:34 Town Watch
14:53 Castle Age
13:30 Horse Collar
16:05 Bow Saw
16:10 Heavy Plow
17:33 Loom
20:22 Gold Mining
22:06 Wheelbarrow
23:16 Squires
24:52 Hand Cart
26:15 Scale Mail Armor
26:25 Forging
30:35 Imperial Age
28:18 Stone Mining
29:06 Gold Shaft Mining
29:32 Chain Mail Armor
29:52 Iron Casting
30:49 Elite Varangian Guard
32:02 Plate Mail Armor
31:23 Fletching
32:38 Two-Man Saw
31:55 Arson
31:56 Gambesons
32:03 Treadmill Crane
32:45 Ballistics
33:26 Chemistry
32:07 Shield Wall
33:07 Conscription
32:56 Man-at-Arms
34:40 Man-at-Arms
35:25 Long Swordsman
37:25 Coinage
37:06 Guilds
36:57 Two-Handed Swordsman
37:49 Champion
38:44 Bodkin Arrow
44:24 Banking
44:31 Capped Ram
45:21 Siege Engineers
45:27 Masonry
45:36 Siege Ram
Hidemypond
10:06 Feudal Age
11:00 Loom
14:05 Castle Age
13:14 Double-Bit Axe
13:17 Horse Collar
17:43 Double-Bit Axe
21:51 Gold Mining
28:59 Heavy Plow
29:38 Gold Shaft Mining
29:23 Bow Saw
33:26 Imperial Age
33:00 Wheelbarrow
32:10 Town Watch
35:12 Chemistry
34:47 Siege Engineers
35:00 Fletching
35:11 Padded Archer Armor
35:26 Onager
36:07 Elite Skirmisher
36:56 Thumb Ring
37:33 Bodkin Arrow
37:54 Leather Archer Armor
38:02 Ballistics
45:23 Bracer
45:54 Ring Archer Armor
47:40 Conscription
48:09 Torsion Engines
engarvi
9:16 Feudal Age
9:57 Double-Bit Axe
10:57 Loom
20:23 Castle Age
18:56 Horse Collar
19:58 Gold Mining
21:19 Bow Saw
27:35 Imperial Age
25:20 Stone Mining
26:56 Fletching
26:30 Crossbowman
27:36 Pikeman
29:18 Fletching
30:47 Pikeman
31:51 Bow Saw
33:04 Conscription
33:43 Bodkin Arrow
35:18 Bracer
36:26 Thumb Ring
37:01 Gold Shaft Mining
37:57 Chemistry
37:51 Padded Archer Armor
40:08 Wheelbarrow
41:33 Heavy Plow
42:35 Leather Archer Armor
43:52 Ring Archer Armor
44:11 Hand Cart
49:01 Two-Man Saw
48:31 Crop Rotation
48:44 Scale Barding Armor
50:21 Chain Barding Armor
50:13 Forging
51:50 Stone Shaft Mining
52:26 Hoardings
52:15 Treadmill Crane
52:57 Ballistics
53:01 Bombard Tower
52:19 Elite Cataphract
53:12 Logistica
53:41 Plate Barding Armor
54:29 Greek Fire
55:56 Iron Casting
55:24 Husbandry
長安
10:57 Feudal Age
11:06 Loom
16:49 Castle Age
16:03 Fletching
16:25 Double-Bit Axe
24:49 Horse Collar
25:18 Town Watch
26:10 Wheelbarrow
27:05 Gold Mining
31:13 Imperial Age
30:31 Heavy Plow
30:43 Bow Saw
32:00 Masonry
32:11 Ballistics
31:45 Capped Ram
32:13 Heavy Scorpion
37:29 Gold Shaft Mining
38:14 Chemistry
40:33 Siege Engineers
44:50 Hand Cart
46:22 Bodkin Arrow
46:29 Padded Archer Armor
48:30 Scale Mail Armor
48:48 Leather Archer Armor
51:35 Ring Archer Armor
50:29 Elite Skirmisher
Theoden_King
11:06 Feudal Age
14:57 Castle Age
13:01 Double-Bit Axe
13:17 Horse Collar
23:22 Loom
24:15 Wheelbarrow
25:19 Fletching
29:32 Imperial Age
28:05 Bow Saw
29:11 Bodkin Arrow
29:17 Padded Archer Armor
29:55 Hand Cart
30:41 Ballistics
30:27 Bracer
31:31 Chemistry
32:37 Leather Archer Armor
32:59 Gold Mining
34:03 Elite Longbowman
35:09 Conscription
37:33 Ring Archer Armor
37:04 Scale Mail Armor
37:14 Forging
36:28 Pikeman
37:09 Squires
36:54 Gambesons
36:56 Arson
37:55 Yeomen
39:47 Siege Engineers
39:23 Treadmill Crane
42:52 Two-Man Saw
41:57 Heavy Plow
42:16 Chain Mail Armor
42:36 Iron Casting
47:00 Plate Mail Armor
47:30 Blast Furnace
46:00 Halberdier
46:02 Man-at-Arms
46:20 Elite Skirmisher
46:53 Capped Ram
49:44 Long Swordsman
51:03 Hoardings
50:36 Scale Barding Armor
56:53 Onager
58:11 Fortified Wall
+Matt.Chak
11:21 Feudal Age
16:32 Castle Age
14:20 Double-Bit Axe
14:21 Horse Collar
16:13 Loom
17:23 Fletching
22:17 Gold Mining
23:24 Bow Saw
23:29 Heavy Plow
27:06 Wheelbarrow
27:13 Gold Shaft Mining
27:11 Bodkin Arrow
30:40 Imperial Age
28:27 Scale Mail Armor
28:37 Forging
29:13 Hand Cart
28:51 Town Watch
29:45 Squires
29:32 Arson
29:33 Gambesons
29:09 Man-at-Arms
30:06 Chain Mail Armor
29:39 Hamask
30:32 Long Swordsman
31:51 Iron Casting
31:14 Two-Handed Swordsman
32:26 Plate Mail Armor
32:06 Champion
34:31 Conscription
35:34 Blast Furnace
42:55 Bracer
43:18 Padded Archer Armor
43:52 Coinage
44:09 Town Patrol
47:13 Pikeman
48:39 Leather Archer Armor
48:22 Murder Holes
48:47 Ballistics
49:28 Chemistry
49:02 Elite Skirmisher
50:57 Halberdier
53:04 Ring Archer Armor
spirrulina
11:12 Feudal Age
14:43 Castle Age
12:54 Double-Bit Axe
13:31 Horse Collar
15:41 Bow Saw
16:12 Heavy Plow
18:51 Gold Mining
21:45 Wheelbarrow
24:41 Stone Mining
26:01 Hand Cart
26:53 Loom
26:53 Town Watch
30:50 Imperial Age
28:44 Fletching
28:54 Padded Archer Armor
29:19 Ballistics
29:49 Thumb Ring
29:41 Crossbowman
30:17 Bodkin Arrow
32:51 Two-Man Saw
31:57 Bracer
32:13 Leather Archer Armor
33:00 Chemistry
33:54 Elite Elephant Archer
34:20 Elite Skirmisher
35:01 Elite Skirmisher
36:26 Ring Archer Armor
36:46 Masonry
36:56 Bombard Tower
36:47 Careening
36:59 Medical Corps
38:13 Conscription
41:17 Scale Mail Armor
41:27 Forging
41:36 Pikeman
42:16 Squires
42:01 Arson
42:34 Halberdier
43:31 Chain Mail Armor
43:51 Iron Casting
44:59 Plate Mail Armor
45:04 Iron Casting
44:53 Caravan
46:37 Two-Man Saw
46:39 Wootz Steel
46:54 Bombard Tower
50:35 Blast Furnace
49:49 Husbandry
50:28 Murder Holes
51:39 Scale Barding Armor
51:41 Light Cavalry
56:56 Fortified Wall
Connection lost

Rejoining the realm…

Still unreachable

The connection could not be restored.

Session expired

The server has moved on; the page needs a fresh start.